[Event "Team 45 45 League T93"]
[Site "Internet Chess Club"]
[Date "2022.08.13"]
[Round "5"]
[White "ElValero"]
[Black "fileman"]
[Result "1-0"]
[WhiteElo "1744"]
[BlackElo "1807"]
[Opening "Pirc: Byrne variation"]
[ECO "B07"]
[Time "10:23:24"]
[PlyCount "57"]
[TimeControl "2700+45"]

1. e4 d6 2. d4 Nf6 3. Nc3 g6 4. Bg5 Bg7 5. Nf3 h6 6. Bh4 Nbd7 7. e5 dxe5 8. dxe5
Nh7 9. e6 fxe6 10. Bd3 g5 11. Bxh7 Rxh7 12. Bg3 c6 13. Qe2 Nf6 14. O-O Qa5 15.
Nd4 Kf7 16. Rfe1 Bf8 17. Nxe6 Bxe6 18. Qxe6+ Kg6 19. h4 Rf7 20. Re5 Qb4 21. Ne4
Rg7 22. hxg5 hxg5 23. Rxg5+ Kh7 24. Nxf6+ exf6 25. Qxf6 Rxg5 26. Qxg5 Qxb2 27.
Qf5+ Kg8 28. Be5 Qb5 29. Qg6+ {Black resigns} 1-0

[Event "Team 45 45 League T93"]
[Site "Internet Chess Club"]
[Date "2022.08.16"]
[Round "5"]
[White "MrAbendroth"]
[Black "VictorRed"]
[Result "1/2-1/2"]
[WhiteElo "1701"]
[BlackElo "1691"]
[Opening "Caro-Kann defense"]
[ECO "B10"]
[Time "13:07:07"]
[PlyCount "58"]
[TimeControl "2700+45"]

1. e4 c6 2. Ne2 d5 3. e5 c5 4. d4 e6 5. c3 Nc6 6. a3 a6 7. g3 f5 8. Bg2 Qc7 9.
O-O Bd7 10. b3 h5 11. Bg5 Be7 12. Bxe7 Ngxe7 13. Qd2 O-O-O 14. f4 Qb6 15. Qe3
cxd4 16. cxd4 Na5 17. Nd2 Kb8 18. b4 Nc4 19. Nxc4 dxc4 20. a4 Bc6 21. a5 Qc7 22.
h4 Nd5 23. Bxd5 Bxd5 24. Nc3 Qc6 25. Rfd1 Rd7 26. Rab1 Qc7 27. Na4 Qc6 28. Nc3
Bh1 29. Rb2 Qf3 {Game drawn by mutual agreement} 1/2-1/2

[Event "Team 45 45 League T93"]
[Site "Internet Chess Club"]
[Date "2022.08.14"]
[Round "5"]
[White "Portola"]
[Black "Redman1"]
[Result "0-1"]
[WhiteElo "1612"]
[BlackElo "1636"]
[Opening "Queen's pawn"]
[ECO "A40"]
[Time "10:00:43"]
[PlyCount "48"]
[TimeControl "2700+45"]

1. d4 c6 2. Nf3 d5 3. c3 Nf6 4. Bg5 Ne4 5. Bf4 Qb6 6. Qb3 Be6 7. Nbd2 Nxd2 8.
Nxd2 Nd7 9. e3 g6 10. Be2 Bg7 11. O-O O-O 12. Qa3 c5 13. dxc5 Qxc5 14. Qxc5 Nxc5
15. Rfd1 Na4 16. Rdc1 b6 17. Nf3 Nxb2 18. Nd4 Bd7 19. Bg3 e6 20. Ba6 Bc8 21. Bb5
Bb7 22. Bd6 Rfc8 23. Rab1 Nc4 24. Ba4 Nxd6 {White resigns} 0-1

[Event "Team 45 45 League T93"]
[Site "Internet Chess Club"]
[Date "2022.08.11"]
[Round "5"]
[White "LoseOften"]
[Black "zethhon"]
[Result "1/2-1/2"]
[WhiteElo "1598"]
[BlackElo "1526"]
[Opening "Sicilian: Kan, 5.Nc3"]
[ECO "B43"]
[Time "03:07:16"]
[PlyCount "71"]
[TimeControl "2700+45"]

1. e4 c5 2. Nf3 e6 3. d4 cxd4 4. Nxd4 a6 5. Nc3 b5 6. Bd3 Bb7 7. O-O d6 8. Bd2
Nf6 9. Re1 Be7 10. a3 O-O 11. Qe2 Nbd7 12. Rad1 Ne5 13. Nf3 Nxd3 14. cxd3 Rc8
15. Rc1 Qd7 16. Nd4 Rc7 17. Rc2 Rfc8 18. Rec1 Ne8 19. Qg4 Bf6 20. Be3 d5 21.
exd5 Bxd5 22. Nxd5 Rxc2 23. Rxc2 Rxc2 24. Nxc2 Qxd5 25. Qe2 Qa2 26. b4 Qb1+ 27.
Ne1 Bb2 28. Kf1 Bxa3 29. Qc2 Qxb4 30. Qc8 Kf8 31. Nc2 Qa4 32. Bc5+ Bxc5 33.
Qxc5+ Kg8 34. Qc6 Kf8 35. Qc5+ Kg8 36. Qc6 {Game drawn by mutual agreement}
1/2-1/2

[Event "Team 45 45 League T93"]
[Site "Internet Chess Club"]
[Date "2022.08.14"]
[Round "5"]
[White "kasraei"]
[Black "fishhead"]
[Result "1-0"]
[WhiteElo "1730"]
[BlackElo "1735"]
[Opening "Queen's pawn: London system"]
[ECO "A45"]
[Time "16:03:40"]
[PlyCount "95"]
[TimeControl "2700+45"]

1. d4 Nf6 2. Bf4 Nh5 3. Bg3 Nxg3 4. hxg3 g6 5. e3 Bg7 6. Nf3 c5 7. c3 Qc7 8.
Nbd2 d6 9. Bd3 Nc6 10. d5 Ne5 11. Nxe5 Bxe5 12. Nf3 Bg7 13. Qa4+ Kf8 14. O-O-O
a6 15. Qf4 e5 16. dxe6 Bxe6 17. Bc4 Bxc4 18. Qxc4 Rd8 19. Rd5 Bf6 20. Qf4 Ke7
21. Rhd1 Rd7 22. Nd2 Be5 23. Qh4+ Bf6 24. Qe4+ Kd8 25. Nc4 Re8 26. Qf4 Be5 27.
Nxe5 Rxe5 28. Qf6+ Ke8 29. Rxd6 Rxd6 30. Qxe5+ Kd7 31. Rxd6+ Qxd6 32. Qxd6+ Kxd6
33. Kd2 c4 34. e4 g5 35. f4 f6 36. Ke3 Kc5 37. b4+ cxb3 38. axb3 a5 39. c4 a4
40. bxa4 Kxc4 41. a5 g4 42. e5 fxe5 43. Ke4 exf4 44. gxf4 h5 45. f5 h4 46. f6 h3
47. gxh3 gxh3 48. Kf3 {Black resigns} 1-0

[Event "Team 45 45 League T93"]
[Site "Internet Chess Club"]
[Date "2022.08.14"]
[Round "5"]
[White "fvafier"]
[Black "hipopotamos"]
[Result "0-1"]
[WhiteElo "1512"]
[BlackElo "1736"]
[Opening "Réti: old Indian attack"]
[ECO "A06"]
[Time "15:01:48"]
[PlyCount "80"]
[TimeControl "2700+45"]

1. Nf3 d5 2. d3 c6 3. Nbd2 Nf6 4. g3 Bf5 5. Bg2 Nbd7 6. O-O e5 7. e4 dxe4 8.
dxe4 Bg6 9. Nh4 Bh5 10. Qe1 Bc5 11. Kh1 O-O 12. f4 Qb6 13. Nc4 Qb5 14. b3 exf4
15. gxf4 Rfe8 16. e5 Nd5 17. Qg3 N7b6 18. Be4 Nxc4 19. Bd3 Ne7 20. Bxc4 Qa5 21.
Bb2 Qb6 22. e6 Bd4 23. Bxd4 Qxd4 24. Qg5 Qe4+ 25. Qg2 Qxg2+ 26. Kxg2 b5 27.
exf7+ Bxf7 28. Bxf7+ Kxf7 29. Nf3 Nd5 30. Ne5+ Kf6 31. Kf3 Nxf4 32. Nxc6 g5 33.
Rad1 Re6 34. Nd4 Re5 35. c4 bxc4 36. bxc4 Rae8 37. Nb3 Re3+ 38. Kf2 Re2+ 39. Kg3
R8e3+ 40. Rf3 Rg2# {White checkmated} 0-1

[Event "Team 45 45 League T93"]
[Site "Internet Chess Club"]
[Date "2022.08.12"]
[Round "5"]
[White "Timmah4651"]
[Black "Signofthetimes"]
[Result "1-0"]
[WhiteElo "1591"]
[BlackElo "1508"]
[Opening "Réti opening"]
[ECO "A11"]
[Time "22:02:55"]
[PlyCount "75"]
[TimeControl "2700+45"]

1. Nf3 c6 2. c4 d5 3. g3 Nf6 4. Bg2 Bf5 5. O-O e6 6. d4 Be7 7. Qb3 Qb6 8. c5
Qxb3 9. axb3 Nbd7 10. Nc3 O-O 11. b4 a6 12. Bf4 h6 13. Rfe1 Ne4 14. Nd2 Nxd2 15.
Bxd2 Bf6 16. Be3 e5 17. Red1 Rfe8 18. h4 exd4 19. Bxd4 Bxd4 20. Rxd4 Nf6 21. Re1
Rab8 22. Na4 Bc2 23. Nb6 Rbd8 24. e3 Nd7 25. Re2 Nxb6 26. cxb6 Be4 27. Red2 Bxg2
28. Kxg2 Rd7 29. Rd1 Rde7 30. Kf1 Re4 31. Ke2 Rxd4 32. Rxd4 Re4 33. Kd3 f5 34.
Rxe4 dxe4+ 35. Kd4 Kf7 36. Ke5 g6 37. Kd6 g5 38. Kc7 {Black resigns} 1-0

[Event "Team 45 45 League T93"]
[Site "Internet Chess Club"]
[Date "2022.08.13"]
[Round "5"]
[White "BlueStorm"]
[Black "fireball"]
[Result "0-1"]
[WhiteElo "1553"]
[BlackElo "1558"]
[Opening "Trompowsky attack (Ruth, Opocenský opening)"]
[ECO "A45"]
[Time "08:01:32"]
[PlyCount "126"]
[TimeControl "2700+45"]

1. d4 Nf6 2. Bg5 c5 3. Bxf6 gxf6 4. Nc3 cxd4 5. Qxd4 Nc6 6. Qh4 Qa5 7. Qa4 Qxa4
8. Nxa4 Nb4 9. Kd1 d6 10. e4 Bd7 11. Nc3 O-O-O 12. a3 Nc6 13. Bc4 e6 14. Nf3 h5
15. Ke2 a6 16. b4 Re8 17. Rhb1 d5 18. Bd3 d4 19. Na4 Kc7 20. b5 axb5 21. Bxb5 e5
22. Nb2 Ra8 23. a4 Nb4 24. Bxd7 Kxd7 25. Kd2 Kc7 26. Nc4 Na6 27. Nb6 Bb4+ 28.
Ke2 Kxb6 29. Nd2 Kc6 30. Nc4 Rhc8 31. Rb3 Kc5 32. Kd3 Rc7 33. a5 Bc3 34. Rab1
Ra7 35. Nb6 Nb4+ 36. Rxb4 Bxb4 37. Nd5 Bxa5 38. Nxc7 Bxc7 39. c4 Ra3+ 40. Ke2 b6
41. f4 Kxc4 42. fxe5 fxe5 43. Rf1 Ra2+ 44. Kf3 f6 45. Rc1+ Kd3 46. Rxc7 b5 47.
h4 b4 48. g4 hxg4+ 49. Kxg4 Kxe4 50. h5 Rg2+ 51. Kh3 Rg5 52. Kh4 d3 53. Rc4+ Ke3
54. Rxb4 d2 55. Rb1 Ke2 56. Rb2 Ke1 57. Rxd2 Kxd2 58. h6 Rg1 59. Kh5 Rh1+ 60.
Kg6 e4 61. h7 e3 62. Kg7 f5 63. h8=Q Rxh8 {White resigns} 0-1

[Event "Team 45 45 League T93"]
[Site "Internet Chess Club"]
[Date "2022.08.14"]
[Round "5"]
[White "walkover"]
[Black "bobhill"]
[Result "1-0"]
[WhiteElo "1731"]
[BlackElo "1896"]
[Opening "Sicilian: Canal-Sokolsky (Nimzovich-Rossolimo, Moscow) attack"]
[ECO "B51"]
[Time "14:00:55"]
[PlyCount "53"]
[TimeControl "2700+45"]

1. e4 c5 2. Nf3 d6 3. Bb5+ Nc6 4. Bxc6+ bxc6 5. O-O g6 6. e5 d5 7. h3 Bg7 8. Re1
e6 9. b3 Ne7 10. Nc3 Ba6 11. d3 Qc7 12. Na4 c4 13. dxc4 dxc4 14. Nc5 Bc8 15. Ne4
O-O 16. Nf6+ Kh8 17. Ba3 Rd8 18. Ng5 Nd5 19. bxc4 h6 20. cxd5 hxg5 21. d6 Qa5
22. Qf3 Ba6 23. Rad1 Bc4 24. Bc1 Qxa2 25. Bxg5 Qxc2 26. Qg4 Qf5 27. Qh4+ {Black
resigns} 1-0

[Event "Team 45 45 League T93"]
[Site "Internet Chess Club"]
[Date "2022.08.15"]
[Round "5"]
[White "Beetlejuice"]
[Black "ARMAND02019"]
[Result "1-0"]
[WhiteElo "1692"]
[BlackElo "1595"]
[Opening "Caro-Kann: anti-Caro-Kann defense"]
[ECO "A11"]
[Time "13:12:37"]
[PlyCount "85"]
[TimeControl "2700+45"]

1. c4 c6 2. e4 e5 3. Nc3 Nf6 4. g3 Be7 5. Bg2 O-O 6. Nge2 d6 7. O-O Be6 8. d3
Qc7 9. h3 Rd8 10. f4 Bc8 11. Be3 b6 12. Rc1 Bb7 13. f5 Qd7 14. g4 h6 15. d4 exd4
16. Bxd4 c5 17. Be3 Nc6 18. Qd2 Ne5 19. b3 a6 20. Nf4 b5 21. Ncd5 Nxd5 22. Nxd5
Bxd5 23. Qxd5 Qc6 24. Qxc6 Nxc6 25. e5 Rac8 26. exd6 Bxd6 27. cxb5 axb5 28. Bxc5
Bxc5+ 29. Rxc5 Nd4 30. Rxc8 Rxc8 31. Rf2 Rc2 32. Rxc2 Nxc2 33. a4 bxa4 34. bxa4
Nb4 35. a5 Kf8 36. Bb7 Ke7 37. a6 Nxa6 38. Bxa6 g6 39. Kf2 Kf6 40. Bd3 gxf5 41.
gxf5 Kg5 42. Kg3 f6 43. h4+ {Black resigns} 1-0

[Event "Team 45 45 League T93"]
[Site "Internet Chess Club"]
[Date "2022.08.11"]
[Round "5"]
[White "julesraider"]
[Black "ZenoElea"]
[Result "0-1"]
[WhiteElo "1634"]
[BlackElo "1751"]
[Opening "QGD: exchange variation"]
[ECO "D35"]
[Time "15:00:21"]
[PlyCount "118"]
[TimeControl "2700+45"]

1. d4 d5 2. c4 Nf6 3. Nc3 e6 4. cxd5 exd5 5. Nf3 Bb4 6. a3 Bxc3+ 7. bxc3 O-O 8.
Qc2 b6 9. Ne5 Ne4 10. e3 Bf5 11. Bd3 f6 12. g4 fxe5 13. gxf5 Qh4 14. Bb2 Rxf5
15. Rf1 Nd7 16. O-O-O Rxf2 17. Rxf2 Qxf2 18. Bxe4 Qxe3+ 19. Kb1 Qxe4 20. dxe5
Nxe5 21. Qxe4 dxe4 22. Re1 Nf3 23. Re2 Re8 24. c4 c5 25. Bc1 Kf7 26. Be3 Kf6 27.
a4 Ne5 28. Rf2+ Ke6 29. Rc2 Rf8 30. a5 Rf3 31. axb6 axb6 32. Bf2 Nd3 33. Bg3
Rf1+ 34. Ka2 Nb4+ 35. Kb2 Nxc2 36. Kxc2 Rf6 37. Kd2 Kf5 38. Ke2 Rf7 39. Bf2 Ra7
40. Bg3 g5 41. Bd6 h5 42. Bb8 Ra4 43. Bc7 Rxc4 44. Bxb6 Rc2+ 45. Ke3 Rxh2 46.
Bxc5 Rc2 47. Bd6 h4 48. Bb8 g4 49. Bd6 h3 50. Be5 h2 51. Bxh2 Rxh2 52. Kd4 g3
53. Ke3 g2 54. Kf2 Kf4 55. Kg1 Kf3 56. Kxh2 e3 57. Kg1 e2 58. Kh2 e1=Q 59. Kh3
Qg3# {White checkmated} 0-1

[Event "Team 45 45 League T93"]
[Site "Internet Chess Club"]
[Date "2022.08.15"]
[Round "5"]
[White "Rookmaster"]
[Black "jfkingiii"]
[Result "0-1"]
[WhiteElo "1457"]
[BlackElo "1507"]
[Opening "Petrov: Cochrane gambit"]
[ECO "C42"]
[Time "20:00:25"]
[PlyCount "86"]
[TimeControl "2700+45"]

1. e4 e5 2. Nf3 Nf6 3. Nxe5 d6 4. Nxf7 Kxf7 5. Nc3 Be6 6. d4 d5 7. Bd3 dxe4 8.
Nxe4 Kg8 9. c3 Nxe4 10. Bxe4 Bd5 11. Qf3 Bxe4 12. Qxe4 Qe7 13. Qxe7 Bxe7 14. Be3
Nd7 15. O-O-O Kf7 16. Rhe1 Rae8 17. f3 Nf6 18. Bf2 Bd6 19. h3 Rxe1 20. Rxe1 Re8
21. Rxe8 Kxe8 22. Kc2 Nd5 23. g3 h5 24. h4 Kf7 25. Kd3 Ke6 26. c4 Nb4+ 27. Ke4
Nxa2 28. f4 Nb4 29. d5+ Kf7 30. c5 Be7 31. d6 cxd6 32. cxd6 Bxd6 33. Bxa7 Nc6
34. Bb6 g6 35. Kd5 Ke7 36. Ke4 Ke6 37. Kf3 Kd5 38. g4 Nd4+ 39. Bxd4 Kxd4 40.
gxh5 gxh5 41. b3 Kc3 42. Ke4 b5 43. Kf5 Be7 {White resigns} 0-1

[Event "Team 45 45 League T93"]
[Site "Internet Chess Club"]
[Date "2022.08.10"]
[Round "5"]
[White "jy2020"]
[Black "MichaelIC"]
[Result "1-0"]
[WhiteElo "2175"]
[BlackElo "2100"]
[Opening "French: Rubinstein variation"]
[ECO "C10"]
[Time "20:30:25"]
[PlyCount "57"]
[TimeControl "2700+45"]

1. e4 e6 2. d4 d5 3. Nc3 dxe4 4. Nxe4 Nd7 5. Bd3 Ngf6 6. Nf3 Nxe4 7. Bxe4 c5 8.
c3 Nf6 9. Bc2 cxd4 10. Nxd4 Be7 11. O-O O-O 12. Re1 Qb6 13. a4 Bd7 14. Qd3 h6
15. Be3 Qc7 16. Nb5 Bxb5 17. axb5 Rfd8 18. Bd4 Bd6 19. b6 Qc6 20. Rxa7 Rac8 21.
Ba4 Qd5 22. Qb5 Qxb5 23. Bxb5 Rb8 24. g3 Nd5 25. Bf1 e5 26. Bxe5 Nxb6 27. Bd4
Nc8 28. Raa1 Ne7 29. Bb6 {Black resigns} 1-0

[Event "Team 45 45 League T93"]
[Site "Internet Chess Club"]
[Date "2022.08.10"]
[Round "5"]
[White "timcent"]
[Black "Ajolote"]
[Result "0-1"]
[WhiteElo "1877"]
[BlackElo "2021"]
[Opening "QGD: Ragozin variation"]
[ECO "D38"]
[Time "18:33:41"]
[PlyCount "88"]
[TimeControl "2700+45"]

1. d4 d5 2. c4 e6 3. Nc3 Bb4 4. Nf3 Nf6 5. Bg5 h6 6. Bh4 dxc4 7. e3 b5 8. Be2
Nbd7 9. O-O a6 10. a4 Bb7 11. axb5 Bxc3 12. bxc3 axb5 13. Rb1 Ra5 14. Nd2 Qa8
15. Bf3 Bxf3 16. gxf3 Nd5 17. Qc2 O-O 18. Bg3 Ra3 19. Rxb5 Nxc3 20. Rh5 Ne2+ 21.
Kg2 Ra2 22. Qd1 Nxg3 23. hxg3 c3 24. Ne4 c2 25. Qd3 Rb8 26. Rc1 Rbb2 27. Nc3 Qa3
28. Qd2 Ra1 29. Rhh1 Rxc1 30. Rxc1 Qb3 31. Ne4 Qc4 32. Qc3 Qxc3 33. Nxc3 Nb6 34.
Kf1 Nd5 35. Ne2 Nb4 36. Ke1 Nd3+ 37. Kd2 Nxc1 38. Nxc1 h5 39. Kc3 Rb5 40. Kxc2
g5 41. Nd3 h4 42. gxh4 gxh4 43. Nf4 Rf5 44. Kd2 Rxf4 {White resigns} 0-1

[Event "Team 45 45 League T93"]
[Site "Internet Chess Club"]
[Date "2022.08.12"]
[Round "5"]
[White "Tufnell"]
[Black "Alec-hine"]
[Result "0-1"]
[WhiteElo "1884"]
[BlackElo "1714"]
[Opening "French: Tarrasch, open variation"]
[ECO "C07"]
[Time "13:07:18"]
[PlyCount "104"]
[TimeControl "2700+45"]

1. e4 e6 2. d4 d5 3. Nd2 c5 4. exd5 Qxd5 5. Ngf3 cxd4 6. Bc4 Qd6 7. O-O Nf6 8.
Nb3 Nc6 9. Nbxd4 Nxd4 10. Nxd4 Be7 11. Nb5 Qc6 12. Qe2 O-O 13. Bf4 a6 14. Nd4
Qc5 15. Nb3 Qh5 16. a4 Bd7 17. Rfd1 Qxe2 18. Bxe2 Bc6 19. Na5 Be4 20. Bd3 Rfc8
21. c3 Bxd3 22. Rxd3 b6 23. Nb3 Nd5 24. Bg3 Bf6 25. Nd2 b5 26. Ne4 Be7 27. f3 b4
28. cxb4 Bxb4 29. Be1 Bxe1 30. Rxe1 Rc2 31. Rd2 Rxd2 32. Nxd2 Rc8 33. Nb3 Nf4
34. g3 Nd3 35. Re2 Rb8 36. Rc2 Kf8 37. Nc5 Rxb2 38. Rxb2 Nxb2 39. Nxa6 Nxa4 40.
Nb4 Ke7 41. Kf2 Kd6 42. Ke3 Nc3 43. Kd3 Nd5 44. Nc2 e5 45. Na3 f5 46. Nc4+ Ke6
47. h3 Nf6 48. Nd2 Kd5 49. g4 f4 50. Nc4 Nd7 51. Nd2 Nc5+ 52. Kc3 e4 {White
resigns} 0-1

[Event "Team 45 45 League T93"]
[Site "Internet Chess Club"]
[Date "2022.08.15"]
[Round "5"]
[White "achessman"]
[Black "laurenpar"]
[Result "0-1"]
[WhiteElo "1825"]
[BlackElo "1921"]
[Opening "French: Tarrasch"]
[ECO "C03"]
[Time "20:04:35"]
[PlyCount "62"]
[TimeControl "2700+45"]

1. e4 e6 2. d4 d5 3. Nd2 a6 4. Bd3 c5 5. dxc5 Bxc5 6. Ngf3 Nc6 7. exd5 exd5 8.
O-O Nf6 9. Re1+ Be6 10. Bf5 O-O 11. Nb3 Bxf2+ 12. Kxf2 Bxf5 13. Kg1 Bg4 14. c3
Re8 15. Rxe8+ Qxe8 16. Bf4 a5 17. Qf1 Bxf3 18. Qxf3 a4 19. Nc5 b6 20. Nb7 Qe4
21. Rd1 Qxf3 22. gxf3 h6 23. Nd6 Rd8 24. Nb5 Kh7 25. Kf2 g5 26. Be3 Kg6 27. Rd2
g4 28. Na3 Ne5 29. Bxb6 Re8 30. Rd4 Rb8 31. Rb4 Nd3+ {White resigns} 0-1

[Event "Team 45 45 League T93"]
[Site "Internet Chess Club"]
[Date "2022.08.15"]
[Round "5"]
[White "fishhead"]
[Black "ElValero"]
[Result "1-0"]
[WhiteElo "1743"]
[BlackElo "1727"]
[Opening "Sicilian: Marshall variation"]
[ECO "B41"]
[Time "13:00:41"]
[PlyCount "30"]
[TimeControl "2700+45"]

1. e4 e6 2. d4 c5 3. Nf3 d5 4. Nc3 dxe4 5. Nxe4 cxd4 6. Qxd4 Qxd4 7. Nxd4 Nc6 8.
Nb5 Bb4+ 9. c3 Ba5 10. Be3 Nf6 11. Ned6+ Ke7 12. Bc5 b6 13. Ba3 a6 14. Nc7 Rb8
15. Nxc8+ Kd7 {Black resigns} 1-0

[Event "Team 45 45 League T93"]
[Site "Internet Chess Club"]
[Date "2022.08.15"]
[Round "5"]
[White "LookImYourVader"]
[Black "VictorRed"]
[Result "1-0"]
[WhiteElo "1797"]
[BlackElo "1690"]
[Opening "Sicilian: Alapin's variation (2.c3)"]
[ECO "B22"]
[Time "17:09:20"]
[PlyCount "79"]
[TimeControl "2700+45"]

1. e4 c5 2. c3 e5 3. Nf3 d6 4. d4 cxd4 5. cxd4 exd4 6. Nxd4 Nf6 7. Nc3 Be7 8.
Be2 O-O 9. O-O a6 10. Bg5 Nc6 11. Nxc6 bxc6 12. Qd2 Qc7 13. Rac1 Bb7 14. Qf4
Rfc8 15. Bxf6 Bxf6 16. Nd5 Qd8 17. Nxf6+ Qxf6 18. Qxf6 gxf6 19. Rfd1 d5 20. Bg4
Rd8 21. exd5 Rxd5 22. Rxd5 cxd5 23. Rc7 Re8 24. Kf1 Ba8 25. b4 d4 26. Rc8 Rxc8
27. Bxc8 Bd5 28. Bxa6 Bxa2 29. Ke2 Bd5 30. g3 Kf8 31. Kd3 Ke7 32. Kxd4 Kd6 33.
Bc4 Bc6 34. Bxf7 h6 35. Bc4 Bb7 36. Bd3 Bf3 37. b5 Bb7 38. Be4 Bc8 39. b6 f5 40.
b7 {Black resigns} 1-0

[Event "Team 45 45 League T93"]
[Site "Internet Chess Club"]
[Date "2022.08.10"]
[Round "5"]
[White "vollmerj"]
[Black "burlap"]
[Result "0-1"]
[WhiteElo "1457"]
[BlackElo "1488"]
[Opening "Réti: King's Indian attack"]
[ECO "A05"]
[Time "21:00:47"]
[PlyCount "130"]
[TimeControl "2700+45"]

1. Nf3 Nf6 2. g3 g6 3. Bg2 Bg7 4. O-O O-O 5. d4 d6 6. c3 Nbd7 7. Nbd2 e5 8. dxe5
dxe5 9. Nb3 c6 10. Qd6 Re8 11. Bg5 Ne4 12. Bxd8 Nxd6 13. Bc7 Nb5 14. Ba5 b6 15.
c4 e4 16. Ng5 Nd6 17. Bc3 Bxc3 18. bxc3 f5 19. Nd4 c5 20. Nb5 Nxb5 21. cxb5 Ne5
22. Rfd1 Nf7 23. Nxf7 Kxf7 24. Rd6 Be6 25. a3 Rad8 26. Rdd1 Rxd1+ 27. Rxd1 Bc4
28. e3 Bxb5 29. Ra1 Kf6 30. a4 Bc6 31. a5 b5 32. Bf1 Rd8 33. Rc1 a6 34. h4 h5
35. Be2 Ke5 36. Kf1 Rd2 37. c4 b4 38. Ra1 Rc2 39. Ke1 Rc3 40. Kd2 Ra3 41. Rxa3
bxa3 42. Kc2 Ba4+ 43. Kc3 Kd6 44. f3 exf3 45. Bxf3 Bc6 46. Bd1 Ke5 47. Bc2 a2
48. Kb2 Be4 49. Bb3 Bb1 50. Ba4 Ke4 51. Bc6+ Kxe3 52. Bb7 Kf2 53. Bxa6 Kxg3 54.
Bb7 f4 55. a6 f3 56. a7 f2 57. a8=Q f1=Q 58. Qb8+ Kxh4 59. Qh2+ Kg5 60. Qg3+ Kh6
61. Qe3+ g5 62. Qe6+ Bg6 63. Be4 a1=Q+ 64. Kc2 Qf2+ 65. Kb3 Qfb2# {White
checkmated} 0-1

[Event "Team 45 45 League T93"]
[Site "Internet Chess Club"]
[Date "2022.08.15"]
[Round "5"]
[White "Chess4Him"]
[Black "walkover"]
[Result "1-0"]
[WhiteElo "1485"]
[BlackElo "1705"]
[Opening "Queen's bishop game"]
[ECO "D02"]
[Time "11:00:42"]
[PlyCount "57"]
[TimeControl "2700+45"]

1. d4 Nf6 2. Nf3 d5 3. Bf4 c5 4. dxc5 e6 5. Be3 Na6 6. c4 Bxc5 7. Bxc5 Nxc5 8.
Nc3 Qa5 9. a3 dxc4 10. Ne5 b5 11. Nc6 Qb6 12. Qd6 Ng8 13. Nxb5 f6 14. Nc7+ Kf7
15. Nd8+ Kg6 16. Qxb6 axb6 17. Nxa8 Ne7 18. Rd1 Bd7 19. Nxe6 Bxe6 20. Nxb6 Rb8
21. Rd6 Kf7 22. e3 Ne4 23. Rxe6 Kxe6 24. Bxc4+ Kd6 25. Na4 Rc8 26. b3 Nd5 27.
Ke2 Kc6 28. Rc1 Kd6 29. f3 {Black resigns} 1-0

[Event "Team 45 45 League T93"]
[Site "Internet Chess Club"]
[Date "2022.08.16"]
[Round "5"]
[White "ARMAND02019"]
[Black "BlueStorm"]
[Result "1-0"]
[WhiteElo "1610"]
[BlackElo "1552"]
[Opening "Benoni defense, Hromodka system"]
[ECO "A56"]
[Time "18:05:22"]
[PlyCount "69"]
[TimeControl "2700+45"]

1. d4 Nf6 2. c4 c5 3. d5 d6 4. Nf3 b5 5. cxb5 a6 6. e3 g6 7. Nc3 Bg7 8. a4 axb5
9. Bxb5+ Nbd7 10. Qe2 O-O 11. O-O Bb7 12. Rd1 Qc8 13. e4 Ba6 14. Bg5 Ne8 15.
Bxe7 Nc7 16. Bxf8 Kxf8 17. Ng5 Ne5 18. f4 Ng4 19. Nxh7+ Kg8 20. Ng5 Bd4+ 21.
Rxd4 cxd4 22. Bxa6 Nxa6 23. Nb5 Ne3 24. Nxd4 Ng4 25. Nc6 Qd7 26. b4 Nxb4 27.
Nxb4 Rxa4 28. Rxa4 Qxa4 29. Nc2 Qa2 30. Qxg4 Qxc2 31. h4 Kf8 32. f5 gxf5 33.
Qxf5 Qc1+ 34. Kh2 Qc7 35. Ne6+ {Black resigns} 1-0

[Event "Team 45 45 League T93"]
[Site "Internet Chess Club"]
[Date "2022.08.16"]
[Round "5"]
[White "BrerRabbit"]
[Black "Andressa"]
[Result "0-1"]
[WhiteElo "1332"]
[BlackElo "1351"]
[Opening "Queen's pawn game, Darooha variation "]
[ECO "E06"]
[Time "19:14:13"]
[PlyCount "104"]
[TimeControl "2700+45"]

1. d4 d5 2. Nf3 Nf6 3. g3 e6 4. Bg2 Be7 5. O-O O-O 6. c4 c5 7. cxd5 exd5 8. dxc5
Bxc5 9. Nd4 Nc6 10. Be3 Nxd4 11. Bxd4 Bxd4 12. Qxd4 Re8 13. Nc3 Be6 14. Rfd1 a6
15. e3 Rc8 16. Nxd5 Nxd5 17. Bxd5 Bxd5 18. Qxd5 Qxd5 19. Rxd5 Rc2 20. b3 g6 21.
Rd7 b6 22. Rd6 Rb8 23. Rd3 Rbc8 24. a4 Rb2 25. Rad1 Rcc2 26. Rf1 Kg7 27. h4 h5
28. Kg2 b5 29. axb5 axb5 30. Kf3 Kf6 31. Ke4 Ke6 32. Ra1 Rxf2 33. Ra6+ Ke7 34.
Ra7+ Kf8 35. Kd4 Rf3 36. e4 Rxd3+ 37. Kxd3 Rxb3+ 38. Kd4 Rxg3 39. Ke5 b4 40. Rb7
b3 41. Kf6 Rf3+ 42. Ke5 Kg7 43. Rb4 Rh3 44. Rb7 Rxh4 45. Rxb3 Rh2 46. Rb7 Ra2
47. Kf4 Rf2+ 48. Kg5 Rg2+ 49. Kf4 h4 50. Rb3 g5+ 51. Kf5 g4 52. Kg5 h3 {White
resigns} 0-1

[Event "Team 45 45 League T93"]
[Site "Internet Chess Club"]
[Date "2022.08.15"]
[Round "5"]
[White "xingon"]
[Black "stantheman59"]
[Result "1-0"]
[WhiteElo "1297"]
[BlackElo "1122"]
[Opening "QGD Slav defense"]
[ECO "D10"]
[Time "17:01:44"]
[PlyCount "75"]
[TimeControl "2700+45"]

1. d4 d5 2. c4 c6 3. Nc3 Nf6 4. Bg5 Bf5 5. e3 Nbd7 6. Bd3 Bg6 7. Nf3 Ne4 8. Qc2
Nxg5 9. Nxg5 dxc4 10. Bxg6 hxg6 11. O-O-O Rh5 12. Nge4 Ra5 13. Na4 Nb6 14. Nac5
Rxa2 15. Kb1 Nd5 16. Qd2 Qa5 17. Qxa5 Rxa5 18. Nxb7 Rb5 19. Nbc5 e6 20. Rc1 Bxc5
21. Nxc5 Rab8 22. Rc2 c3 23. b3 Ke7 24. e4 Nf6 25. Rxc3 Rb4 26. Rd1 a5 27. Kc2
Ng4 28. f3 Nf2 29. Rd2 a4 30. Nxa4 Nh1 31. Rd1 Nf2 32. Rf1 Nxe4 33. fxe4 Rxd4
34. Rxc6 Rxe4 35. Rc7+ Kf8 36. Rfxf7+ Ke8 37. Kd3 Re2 38. Kxe2 {Black resigns}
1-0

[Event "Team 45 45 League T93"]
[Site "Internet Chess Club"]
[Date "2022.08.15"]
[Round "5"]
[White "evan7284"]
[Black "scostanzo212"]
[Result "0-1"]
[WhiteElo "1549"]
[BlackElo "1558"]
[Opening "Queen's pawn, Mason variation, Steinitz counter-gambit"]
[ECO "D00"]
[Time "14:32:27"]
[PlyCount "32"]
[TimeControl "2700+45"]

1. d4 d5 2. Bf4 c5 3. c3 Nc6 4. e3 Qb6 5. Qb3 c4 6. Qxb6 axb6 7. Nd2 b5 8. f3
Nf6 9. e4 b4 10. Ne2 b5 11. Be3 e6 12. e5 Nd7 13. g4 bxc3 14. bxc3 b4 15. Nb1 b3
16. a4 Nb6 {White resigns} 0-1

[Event "Team 45 45 League T93"]
[Site "Internet Chess Club"]
[Date "2022.08.10"]
[Round "5"]
[White "RD1974"]
[Black "Kingofknights"]
[Result "1-0"]
[WhiteElo "1576"]
[BlackElo "1454"]
[Opening "QGD Slav defense"]
[ECO "D10"]
[Time "18:03:51"]
[PlyCount "45"]
[TimeControl "2700+45"]

1. d4 d5 2. c4 c6 3. Qc2 Nf6 4. Nf3 g6 5. cxd5 Bf5 6. Qb3 Qb6 7. Qxb6 axb6 8.
dxc6 bxc6 9. Nc3 Bg7 10. Bf4 Na6 11. a3 Nb4 12. Kd2 Ne4+ 13. Nxe4 Bxe4 14. e3
Nd5 15. Be5 Bf6 16. Rc1 Rc8 17. Ba6 Rd8 18. Rxc6 Bxe5 19. Nxe5 Nxe3 20. Kxe3
Bxg2 21. Rhc1 f6 22. Nf3 Bxf3 23. Kxf3 {Black resigns} 1-0